 Dungeon Crawl Stone Soup version 0.29.1-2-gbd0b4ee654 (webtiles) character file.

Game seed: 15841690039665658980

40 hawla the Chiller (level 4, -1/33 HPs)
             Began as a Meteoran Ice Elementalist on Nov 30, 2022.
             Slain by an iguana (8 damage)
             ... on level 5 of the Dungeon.
             The game lasted 00:02:10 (772 turns).

hawla the Chiller (Meteoran Ice Elementalist)        Turns: 772, Time: 00:02:12

Health: -1/33      AC:  2    Str:  9    XL:     4   Next: 0%
Magic:  4/9        EV: 12    Int: 19    God:
Gold:   99         SH:  0    Dex: 14    Spells: 5/9 levels left

rFire   . . .      SeeInvis .   (no weapon)
rCold   . . .      Faith    .   (no shield)
rNeg    . . .      Spirit   .   a - +0 robe
rPois   .          Reflect  .   (no helmet)
rElec   .          Harm     .   (no cloak)
rCorr   .          Rampage  .   (no gloves)
Will    .....                   (no boots)
Stlth   +.........              (no amulet)
HPRegen 0.11/turn               (no ring)
MPRegen 0.11/turn               (no ring)

@: freezing walls, glowing
A: sense surroundings 1, otherworldly, glowing, explore regen
a: no special abilities


You were on level 5 of the Dungeon.
You visited 2 branches of the dungeon, and saw 5 of its levels.

You collected 99 gold pieces.

Inventory:

Armour
 a - a +0 robe (worn)
Jewellery
 h - a ring of wizardry
Wands
 c - a wand of iceblast (13)
 i - a wand of light (14)
Scrolls
 d - a scroll of blinking
 e - a scroll of teleportation
 f - a scroll of butterflies
 k - a scroll of vulnerability {unknown}
Potions
 b - a potion of magic
 g - a potion of invisibility {unknown}
 j - a potion of brilliance {unknown}


   Skills:
 + Level 2.6 Dodging
 - Level 1.4 Stealth
 + Level 3.2 Spellcasting
 + Level 5.3 Ice Magic


You had 5 spell levels left.
You knew the following spells:

 Your Spells              Type           Power      Damage    Failure   Level
a - Freeze                Ice            92%        1d10      1%          1
b - Frozen Ramparts       Ice            46%        1d7       4%          3

Your spell library contained the following spells:

 Spells                   Type           Power      Damage    Failure   Level
 Ozocubu's Armour         Ice            23%        N/A       4%          3
 Foxfire                  Conj/Fire      12%        2x1d4     16%         1
 Conjure Flame            Conj/Fire      3%         6-21      41%         3
 Inner Flame              Hex/Fire       3%         N/A       41%         3
 Hailstorm                Conj/Ice       13%        3d5       45%         4
 Flame Wave               Conj/Fire      3%         2d5       83%         4


Dungeon Overview and Level Annotations

Branches:
Dungeon (5/15) Zot: 1686   Temple (1/1) D:5 Zot: 541

Altars:
Ashenzari
Fedhas
Gozag
Nemelex Xobeh
Ru
Sif Muna
Trog
Uskayaw
Xom
Yredelemnul


Innate Abilities, Weirdness & Mutations

You passively map a small area around you.
You are easily found by Zot.
You glow in the dark.
You regain HP and MP as you explore.


Message History

There is a staircase to the Ecumenical Temple here.
There is a fountain of clear blue water here.
An iguana comes into view.
Found 10 gold pieces.
Casting: Freeze (safe; 1% risk of failure)
Confirm with . or Enter, or press ? or * to list all spells.
Aiming: Freeze (safe; 1% risk of failure)
Press: ? - help, Shift-Dir - straight line, f - iguana
Aim: an iguana You freeze the iguana.
The iguana is lightly wounded.
The iguana seems to slow down.
The iguana is no longer moving slowly.
The iguana bites you!
Casting: Freeze (safe; 1% risk of failure)
Confirm with . or Enter, or press ? or * to list all spells.
Casting: Frozen Ramparts (dangerous; 4% risk of failure)
Press: ? - help, Dir - look around, f - activate The walls around you are covered in ice.
The wall freezes the iguana but does no damage.
The iguana bites you!
* * * LOW HITPOINT WARNING * * *
Unknown command.
Casting: Frozen Ramparts (dangerous; 4% risk of failure)
Confirm with . or Enter, or press ? or * to list all spells.
Aiming: Freeze (safe; 1% risk of failure)
Press: ? - help, Shift-Dir - straight line, f/p - iguana
Aim: an iguana (lightly wounded)
You freeze the iguana.
The iguana is heavily wounded.
The iguana seems to slow down.
Unknown command.
Casting: Freeze (safe; 1% risk of failure)
Confirm with . or Enter, or press ? or * to list all spells.
Aiming: Freeze (safe; 1% risk of failure)
Press: ? - help, Shift-Dir - straight line, f/p - iguana
Aim: an iguana (heavily wounded, slow)
You freeze the iguana.
The iguana is severely wounded.
The wall freezes the iguana.
The iguana bites you!
You die...

##........#
.# #..8.8.8.#
.# ##..⌠.⌠..#
*.#
#.8.>.8.##*.#
#..⌠.⌠...# .#
#.8.8.8..##.#
*
#.....[.....#
*
#####..###.##
* *#.## #@#
,#.# #l# *
..# #.# ####
#.# #.# #$# *
* #.# #.# , ,


You could see an iguana (slow).

Vanquished Creatures
  A jelly (D:5)
  A dart slug (D:1)
  A bat (D:2)
  An endoplasm (D:1)
  2 goblins (D:2)
  A ball python (D:2)
  A kobold (D:2)
  3 rats
11 creatures vanquished.

Notes
Turn   | Place    | Note
-------+----------+-------------------------------------------
     0 | D:1      | hawla the Meteoran Ice Elementalist began the quest for the
                  | Orb.
     0 | D:1      | Reached XP level 1. HP: 14/14 MP: 5/5
    10 | D:1      | Found a faded altar of an unknown god.
   153 | D:1      | Reached XP level 2. HP: 20/20 MP: 2/6
   604 | D:3      | You fall into a shaft and drop 2 floors!
   604 | D:5      | Entered Level 5 of the Dungeon
   636 | D:5      | Noticed a jelly
   641 | D:5      | Killed a jelly
   642 | D:5      | Reached skill level 5 in Ice Magic
   642 | D:5      | Reached XP level 3. HP: 14/26 MP: 3/8
   642 | D:5      | Reached XP level 4. HP: 18/33 MP: 3/9
   646 | D:5      | Learned a level 3 spell: Frozen Ramparts
   687 | D:5      | Found a staircase to the Ecumenical Temple.
   701 | Temple   | Entered the Ecumenical Temple
   772 | D:5      | Slain by an iguana

Illustrated notes

Levels and vault maps discovered:
D:1:      psy_arrival_terrarium, layout_loops_ring,
          ebering_ecumenical_altar_mist
D:2:      layout_loops_ring
D:3:      layout_loops_ring, serial_shops, shop
D:5:      layout_rooms, good_gods_mini_temple,
          minmay_temple_entry_statues_fountains, enter_ossuary_5
Temple:   eino_wide_crystal_templ

Skill      XL: |  1  2 |
---------------+-------+-----
Spellcasting   | 3 |  3.2
Ice Magic      | 5 |  5.3
Dodging        | |  2.6
Stealth        | |  1.4

Action                   |  1- 3 |  4- 6 || total
-------------------------+-------+-------++-------
Melee: Unarmed           |     1 |       ||     1
 Cast: Freeze            |    17 |     3 ||    20
       Frozen Ramparts   |       |     1 ||     1
  Use: Scroll            |     4 |       ||     4
Armor: Robe              |     6 |       ||     6
Dodge: Dodged            |     9 |       ||     9
